[ AOE2 MATCH · #469616243 ]
UnrankedHuns vs Britons
[ REPLAY ANALYSIS · EXTRACTED FROM THE RECORDED GAME ]
Feudal
13:49
Castle
23:35
Imperial
33:49
| APM avg | 16.5 |
| APM peak | 55 |
| eAPM avg | 10.1 |
| Villagers / military | 101 / 93 |
Focus
⚔️ 30.1% · 🌾 69.9%
Knight ×86 · Trebuchet (Packed) ×4 · Scout Cavalry ×3
Feudal
11:41
Castle
17:14
Imperial
40:00
| APM avg | 14.5 |
| APM peak | 41 |
| eAPM avg | 12.0 |
| Villagers / military | 97 / 56 |
Focus
⚔️ 23.9% · 🌾 76.1%
Knight ×24 · Longbowman ×20 · Trade Cart ×13 · Spearman ×10 · Monk ×2
Feudal
12:56
Castle
20:52
Imperial
29:59
| APM avg | 25.4 |
| APM peak | 51 |
| eAPM avg | 17.7 |
| Villagers / military | 100 / 274 |
Focus
⚔️ 23.3% · 🌾 76.7%
Huskarl ×272 · Trebuchet (Packed) ×2
Feudal
—
Castle
—
Imperial
—
| APM avg | 15.1 |
| APM peak | 41 |
| eAPM avg | 9.5 |
| Villagers / military | 74 / 121 |
Focus
⚔️ 34.1% · 🌾 65.9%
Archer ×81 · Camel Scout ×17 · War Elephant ×12 · Trade Cart ×10 · Militia ×6 · Scorpion ×4
Feudal
11:08
Castle
20:23
Imperial
34:45
| APM avg | 19.7 |
| APM peak | 70 |
| eAPM avg | 10.0 |
| Villagers / military | 111 / 165 |
Focus
⚔️ 18.2% · 🌾 81.8%
Skirmisher ×67 · Plumed Archer ×50 · Eagle Scout ×48
Feudal
12:56
Castle
18:13
Imperial
30:52
| APM avg | 21.8 |
| APM peak | 66 |
| eAPM avg | 13.9 |
| Villagers / military | 142 / 79 |
Focus
⚔️ 21.2% · 🌾 78.8%
Mangonel ×51 · Battering Ram ×24 · Trade Cart ×7 · Fishing Ship ×3 · Trebuchet (Packed) ×2 · Monk ×1
Feudal
14:55
Castle
25:01
Imperial
38:19
| APM avg | 17.0 |
| APM peak | 38 |
| eAPM avg | 12.4 |
| Villagers / military | 140 / 47 |
Focus
⚔️ 27.1% · 🌾 72.9%
Camel Scout ×34 · Trebuchet (Packed) ×6 · Knight ×5 · Monk ×2
Feudal
12:31
Castle
22:09
Imperial
33:28
| APM avg | 13.7 |
| APM peak | 106 |
| eAPM avg | 11.7 |
| Villagers / military | 194 / 162 |
Focus
⚔️ 25.8% · 🌾 74.2%
War Elephant ×90 · Archer ×66 · Trebuchet (Packed) ×4 · Monk ×2
Match map
Initial resources + every placement click. Lines = walls · curves = elevation contours. ◆ gold · ⬟ stone · ● berries · ✦ relic · ◌ wall gap
Your base· ✓ Closed at 23:35 · 19t walls · fragile
Schutz's base· ✓ Closed at 17:14 · 14t walls · 1 gate(s)
泊二世's base· ✓ Closed at 20:52 · 9t walls · 1 gate(s) · fragile
untouchable0627's base· ✓ Closed at 23:30 · 21t walls · 1 gate(s)
寻薇's base· ✓ Closed at 20:23 · 0t walls · fragile
doug. SKINS's base· ✓ Closed at 18:13 · 28t walls · 1 gate(s)
Woollala's base· ✓ Closed at 25:01 · 55t walls · 1 gate(s)
乾州街道张主任's base· ✓ Closed at 22:09 · 39t walls · fragile
Smoothed initial terrain · ◌ = detected wall gap · hover for details
Inputs per minute
— 鸡儿哥爆顶胡敢敢 - - Schutz
Build order — 鸡儿哥爆顶胡敢敢
First 150 of 260 actions detected
| 0:04 | Create | Villager (Male) |
| 0:04 | Create | Villager (Male) |
| 0:04 | Create | Villager (Male) |
| 0:04 | Create | Villager (Male) |
| 1:25 | Create | Villager (Male) |
| 2:03 | Create | Villager (Male) |
| 2:04 | Create | Villager (Male) |
| 2:28 | Create | Villager (Male) |
| 2:28 | Create | Villager (Male) |
| 3:06 | Build | Palisade Wall |
| 3:18 | Create | Villager (Male) |
| 3:18 | Create | Villager (Male) |
| 4:00 | Create | Villager (Male) |
| 4:13 | Create | Villager (Male) |
| 4:14 | Create | Villager (Male) |
| 4:49 | Create | Villager (Male) |
| 4:49 | Create | Villager (Male) |
| 5:21 | Build | Palisade Wall |
| 5:49 | Build | Mill |
| 5:52 | Create | Villager (Male) |
| 5:52 | Create | Villager (Male) |
| 5:52 | Create | Villager (Male) |
| 6:38 | Create | Villager (Male) |
| 7:26 | Create | Villager (Male) |
| 7:45 | Build | Lumber Camp |
| 8:55 | Create | Villager (Male) |
| 9:16 | Create | Villager (Male) |
| 9:30 | Create | Villager (Male) |
| 10:15 | Create | Villager (Male) |
| 10:59 | Create | Villager (Male) |
| 11:39 | Research | Feudal Age |
| 11:43 | Build | Farm |
| 11:44 | Build | Farm |
| 11:45 | Build | Farm |
| 11:46 | Build | Farm |
| 11:49 | Build | Farm |
| 11:51 | Build | Farm |
| 11:53 | Build | Farm |
| 11:54 | Build | Farm |
| 11:56 | Build | Farm |
| 11:57 | Build | Farm |
| 11:58 | Build | Farm |
| 11:59 | Build | Farm |
| 12:07 | Create | Villager (Male) |
| 12:07 | Create | Villager (Male) |
| 12:08 | Create | Villager (Male) |
| 12:09 | Create | Villager (Male) |
| 13:49 | Age | Feudal Age |
| 14:12 | Build | Barracks |
| 14:27 | Create | Villager (Male) |
| 14:30 | Research | Double-Bit Axe |
| 15:00 | Build | Stable |
| 15:09 | Create | Villager (Male) |
| 15:09 | Create | Villager (Male) |
| 15:47 | Build | Lumber Camp |
| 15:52 | Create | Villager (Male) |
| 15:52 | Create | Villager (Male) |
| 16:32 | Create | Villager (Male) |
| 16:45 | Create | Scout Cavalry |
| 16:46 | Create | Scout Cavalry |
| 16:54 | Create | Scout Cavalry |
| 17:06 | Build | Lumber Camp |
| 17:20 | Build | Blacksmith |
| 17:39 | Build | Mining Camp |
| 18:18 | Build | Watch Tower |
| 19:07 | Build | Mining Camp |
| 19:15 | Create | Villager (Male) |
| 19:15 | Create | Villager (Male) |
| 19:15 | Create | Villager (Male) |
| 19:15 | Create | Villager (Male) |
| 19:16 | Create | Villager (Male) |
| 19:17 | Create | Villager (Male) |
| 19:37 | Research | Gold Mining |
| 19:40 | Create | Villager (Male) |
| 20:09 | Create | Villager (Male) |
| 20:09 | Create | Villager (Male) |
| 20:22 | Build | Mining Camp |
| 20:29 | Research | Horse Collar |
| 20:53 | Research | Castle Age |
| 21:10 | Research | Stone Mining |
| 23:08 | Build | Stable |
| 23:10 | Build | Stable |
| 23:11 | Build | Stable |
| 23:13 | Build | Stable |
| 23:35 | Age | Castle Age |
| 23:40 | Build | Lumber Camp |
| 23:45 | Research | Bow Saw |
| 23:52 | Research | Heavy Plow |
| 24:16 | Build | Town Center |
| 24:27 | Create | Villager (Male) ×5 |
| 25:37 | Build | Town Center |
| 25:42 | Create | Villager (Male) ×5 |
| 26:15 | Create | Villager (Male) |
| 26:15 | Create | Villager (Male) |
| 26:15 | Create | Villager (Male) |
| 26:54 | Create | Villager (Male) |
| 26:56 | Create | Villager (Male) |
| 26:57 | Create | Villager (Male) |
| 26:57 | Create | Villager (Male) |
| 27:06 | Build | Lumber Camp |
| 27:08 | Create | Villager (Male) ×5 |
| 27:36 | Build | Castle |
| 27:48 | Create | Villager (Male) |
| 27:48 | Create | Villager (Male) |
| 27:49 | Create | Villager (Male) |
| 28:05 | Build | Blacksmith |
| 28:37 | Build | Farm |
| 28:53 | Build | Mining Camp |
| 29:16 | Build | Mill |
| 29:30 | Create | Villager (Male) |
| 29:30 | Create | Villager (Male) |
| 29:33 | Create | Villager (Male) |
| 29:33 | Create | Villager (Male) |
| 29:35 | Create | Villager (Male) |
| 29:36 | Create | Villager (Male) |
| 30:18 | Build | Farm |
| 30:19 | Build | Farm |
| 30:20 | Build | Farm |
| 30:22 | Build | Farm |
| 30:23 | Build | Farm |
| 30:25 | Build | Farm |
| 30:26 | Build | Farm |
| 30:28 | Build | Farm |
| 30:29 | Build | Farm |
| 30:32 | Build | Farm |
| 30:39 | Research | Imperial Age |
| 30:43 | Create | Villager (Male) |
| 31:03 | Build | Mining Camp |
| 31:48 | Research | Scale Barding Armor |
| 31:52 | Research | Forging |
| 32:10 | Build | Farm |
| 32:12 | Build | Farm |
| 32:14 | Build | Farm |
| 32:16 | Build | Farm |
| 32:21 | Create | Villager (Male) |
| 32:21 | Create | Villager (Male) |
| 32:22 | Create | Villager (Male) |
| 32:23 | Create | Villager (Male) |
| 32:37 | Build | Farm |
| 32:38 | Build | Farm |
| 32:38 | Build | Farm |
| 32:41 | Build | Farm |
| 32:43 | Build | Farm |
| 32:44 | Build | Farm |
| 32:45 | Build | Farm |
| 32:49 | Build | Farm |
| 32:51 | Build | Farm |
| 32:56 | Create | Villager (Male) |
| 32:56 | Create | Villager (Male) |
| 33:01 | Create | Villager (Male) |
Build order — Schutz
First 150 of 307 actions detected
| 0:03 | Create | Villager (Male) ×4 |
| 0:07 | Build | House |
| 0:09 | Build | House |
| 1:45 | Create | Villager (Male) |
| 2:04 | Build | Palisade Gate |
| 2:16 | Build | Palisade Wall |
| 2:39 | Create | Villager (Male) ×2 |
| 3:21 | Create | Villager (Male) ×2 |
| 3:37 | Build | Palisade Wall |
| 4:16 | Create | Villager (Male) ×3 |
| 4:22 | Build | House |
| 4:55 | Build | Mill |
| 5:18 | Create | Villager (Male) ×3 |
| 6:30 | Create | Villager (Male) |
| 6:31 | Create | Villager (Male) |
| 6:36 | Build | House |
| 6:47 | Build | House |
| 7:51 | Create | Villager (Male) ×5 |
| 8:10 | Build | House |
| 8:21 | Build | Lumber Camp |
| 9:26 | Research | Feudal Age |
| 10:36 | Build | Mining Camp |
| 10:44 | Create | Villager (Male) |
| 10:44 | Create | Villager (Male) |
| 11:41 | Age | Feudal Age |
| 12:26 | Build | Blacksmith |
| 12:32 | Create | Villager (Male) |
| 12:33 | Create | Villager (Male) |
| 12:44 | Build | Market |
| 13:13 | Build | Farm |
| 13:14 | Build | Farm |
| 13:16 | Build | Farm |
| 13:17 | Build | Farm |
| 13:23 | Build | Farm |
| 13:44 | Build | Farm |
| 13:59 | Research | Loom |
| 14:06 | Build | House |
| 14:07 | Build | House |
| 14:09 | Build | House |
| 14:11 | Build | House |
| 14:34 | Research | Castle Age |
| 14:48 | Build | Mining Camp |
| 14:59 | Research | Double-Bit Axe |
| 15:36 | Create | Trade Cart |
| 16:11 | Research | Horse Collar |
| 16:14 | Research | Gold Mining |
| 16:16 | Research | Stone Mining |
| 16:22 | Build | House |
| 16:24 | Build | House |
| 16:52 | Create | Villager (Male) |
| 17:14 | Age | Castle Age |
| 17:23 | Research | Fletching |
| 17:38 | Build | Monastery |
| 17:49 | Create | Villager (Male) ×2 |
| 18:31 | Create | Villager (Male) |
| 18:33 | Research | Wheelbarrow |
| 18:42 | Build | Town Center |
| 18:54 | Create | Villager (Male) |
| 18:57 | Create | Monk |
| 19:30 | Research | Heavy Plow |
| 20:31 | Create | Villager (Male) ×3 |
| 20:49 | Create | Trade Cart ×4 |
| 21:00 | Create | Villager (Male) |
| 21:01 | Create | Villager (Male) |
| 21:05 | Build | Farm |
| 21:09 | Build | Farm |
| 21:12 | Create | Villager (Male) |
| 21:25 | Build | University |
| 21:39 | Create | Villager (Male) |
| 22:16 | Create | Monk |
| 22:46 | Create | Villager (Male) |
| 22:46 | Create | Villager (Male) |
| 22:46 | Create | Villager (Male) |
| 22:47 | Create | Villager (Male) |
| 22:47 | Create | Villager (Male) |
| 22:48 | Create | Villager (Male) |
| 22:54 | Build | Town Center |
| 23:04 | Create | Trade Cart |
| 23:09 | Research | Ballistics |
| 23:21 | Create | Villager (Male) |
| 23:21 | Create | Villager (Male) |
| 23:43 | Create | Villager (Male) |
| 23:44 | Create | Villager (Male) |
| 23:57 | Build | Farm |
| 24:28 | Create | Trade Cart |
| 24:28 | Create | Trade Cart |
| 24:43 | Create | Villager (Male) |
| 24:43 | Create | Villager (Male) |
| 24:51 | Build | Farm |
| 24:52 | Build | Farm |
| 24:54 | Build | Farm |
| 25:06 | Build | Farm |
| 25:07 | Build | Farm |
| 25:21 | Create | Villager (Male) |
| 25:22 | Create | Villager (Male) |
| 25:22 | Create | Villager (Male) |
| 25:23 | Create | Villager (Male) |
| 25:48 | Create | Villager (Male) |
| 25:49 | Create | Villager (Male) |
| 25:52 | Build | Farm |
| 25:58 | Build | Farm |
| 25:59 | Create | Villager (Male) |
| 26:00 | Create | Villager (Male) |
| 26:01 | Create | Villager (Male) |
| 26:02 | Create | Villager (Male) |
| 26:25 | Create | Villager (Male) |
| 26:25 | Create | Villager (Male) |
| 26:40 | Build | Farm |
| 26:50 | Build | Farm |
| 26:53 | Build | Farm |
| 26:55 | Create | Villager (Male) |
| 26:56 | Create | Villager (Male) |
| 26:56 | Create | Villager (Male) |
| 26:57 | Create | Villager (Male) |
| 27:15 | Build | Castle |
| 27:22 | Create | Villager (Male) |
| 27:23 | Create | Villager (Male) |
| 27:24 | Create | Villager (Male) |
| 27:24 | Create | Villager (Male) |
| 27:32 | Build | Farm |
| 27:34 | Create | Villager (Male) |
| 27:35 | Create | Villager (Male) |
| 27:50 | Create | Villager (Male) |
| 27:50 | Create | Villager (Male) |
| 27:51 | Create | Villager (Male) |
| 27:51 | Create | Villager (Male) |
| 28:01 | Build | Farm |
| 28:07 | Build | Farm |
| 28:09 | Build | Farm |
| 28:53 | Build | House |
| 28:54 | Build | House |
| 28:57 | Build | House |
| 28:59 | Build | House |
| 29:00 | Build | House |
| 29:02 | Build | House |
| 29:10 | Research | Hand Cart |
| 29:11 | Create | Villager (Male) |
| 29:11 | Create | Villager (Male) |
| 29:12 | Create | Villager (Male) |
| 29:12 | Create | Villager (Male) |
| 29:28 | Build | Farm |
| 29:39 | Build | Farm |
| 29:41 | Build | Farm |
| 29:43 | Build | Farm |
| 29:49 | Research | Bodkin Arrow |
| 30:07 | Create | Longbowman |
| 30:09 | Create | Longbowman |
| 30:14 | Research | Padded Archer Armor |
| 30:19 | Build | Mining Camp |
| 30:31 | Build | Mining Camp |
Build order — 泊二世
First 150 of 313 actions detected
| 0:03 | Research | Loom |
| 0:03 | Create | Villager (Male) |
| 0:06 | Build | House |
| 0:27 | Create | Villager (Male) |
| 0:27 | Create | Villager (Male) |
| 0:57 | Create | Villager (Male) |
| 0:57 | Create | Villager (Male) |
| 1:45 | Create | Villager (Male) |
| 1:50 | Build | House |
| 2:26 | Create | Villager (Male) |
| 2:26 | Create | Villager (Male) |
| 3:03 | Create | Villager (Male) |
| 3:03 | Create | Villager (Male) |
| 3:19 | Build | Mill |
| 3:42 | Create | Villager (Male) |
| 3:42 | Create | Villager (Male) |
| 3:42 | Create | Villager (Male) |
| 4:44 | Create | Villager (Male) |
| 4:44 | Create | Villager (Male) |
| 5:20 | Build | House |
| 5:28 | Create | Villager (Male) |
| 5:29 | Create | Villager (Male) |
| 5:29 | Create | Villager (Male) |
| 5:29 | Create | Villager (Male) |
| 5:38 | Build | House |
| 5:45 | Create | Villager (Male) |
| 6:12 | Build | House |
| 6:15 | Create | Villager (Male) |
| 6:44 | Build | Lumber Camp |
| 6:49 | Create | Villager (Male) |
| 7:01 | Build | House |
| 7:30 | Create | Villager (Male) |
| 8:00 | Build | Palisade Gate |
| 8:12 | Create | Villager (Male) |
| 8:12 | Create | Villager (Male) |
| 8:42 | Create | Villager (Male) |
| 8:42 | Create | Villager (Male) |
| 8:43 | Create | Villager (Male) |
| 9:09 | Build | Palisade Wall |
| 9:16 | Create | Villager (Male) |
| 10:10 | Build | House |
| 10:46 | Research | Feudal Age |
| 10:47 | Research | Feudal Age |
| 10:47 | Research | Feudal Age |
| 11:04 | Build | Mill |
| 11:42 | Build | Mining Camp |
| 12:56 | Age | Feudal Age |
| 12:58 | Research | Wheelbarrow |
| 12:58 | Research | Wheelbarrow |
| 13:00 | Research | Horse Collar |
| 13:03 | Research | Double-Bit Axe |
| 13:03 | Research | Double-Bit Axe |
| 13:06 | Research | Gold Mining |
| 13:30 | Create | Villager (Male) |
| 13:30 | Create | Villager (Male) |
| 13:30 | Create | Villager (Male) |
| 14:14 | Create | Villager (Male) |
| 14:14 | Create | Villager (Male) |
| 14:14 | Create | Villager (Male) |
| 14:39 | Create | Villager (Male) |
| 14:57 | Build | Blacksmith |
| 15:18 | Build | Farm |
| 15:19 | Build | Farm |
| 15:20 | Build | Farm |
| 15:21 | Build | Farm |
| 15:22 | Build | Farm |
| 15:24 | Build | Farm |
| 15:30 | Build | Farm |
| 15:39 | Create | Villager (Male) |
| 16:06 | Build | Barracks |
| 16:13 | Create | Villager (Male) |
| 17:06 | Build | Stable |
| 17:11 | Create | Villager (Male) |
| 17:11 | Create | Villager (Male) |
| 17:43 | Build | Farm |
| 18:10 | Build | Farm |
| 18:12 | Research | Castle Age |
| 18:41 | Research | Stone Mining |
| 18:53 | Build | Mining Camp |
| 19:50 | Build | House |
| 19:52 | Build | House |
| 20:52 | Age | Castle Age |
| 20:54 | Research | Hand Cart |
| 20:54 | Research | Hand Cart |
| 20:57 | Research | Heavy Plow |
| 21:15 | Research | Bow Saw |
| 22:07 | Build | Town Center |
| 22:16 | Create | Villager (Male) |
| 22:16 | Create | Villager (Male) |
| 22:38 | Create | Villager (Male) |
| 22:39 | Create | Villager (Male) |
| 22:39 | Create | Villager (Male) |
| 22:45 | Build | Farm |
| 23:13 | Build | Farm |
| 23:35 | Build | Farm |
| 23:44 | Create | Villager (Male) |
| 23:49 | Create | Villager (Male) |
| 23:49 | Create | Villager (Male) |
| 23:49 | Create | Villager (Male) |
| 23:50 | Create | Villager (Male) |
| 24:04 | Create | Villager (Male) |
| 24:09 | Build | Farm |
| 24:35 | Build | Castle |
| 24:44 | Build | Farm |
| 24:47 | Create | Villager (Male) |
| 24:47 | Create | Villager (Male) |
| 24:56 | Build | Farm |
| 24:57 | Build | Farm |
| 25:04 | Build | Farm |
| 25:06 | Create | Villager (Male) |
| 25:06 | Create | Villager (Male) |
| 25:31 | Build | Farm |
| 25:39 | Build | Farm |
| 25:43 | Build | Farm |
| 25:59 | Create | Villager (Male) |
| 25:59 | Create | Villager (Male) |
| 26:07 | Create | Villager (Male) |
| 26:15 | Build | Farm |
| 26:31 | Research | Imperial Age |
| 26:39 | Build | Farm |
| 26:47 | Build | Farm |
| 26:50 | Create | Villager (Male) |
| 26:51 | Create | Villager (Male) |
| 26:51 | Create | Villager (Male) |
| 27:26 | Build | Farm |
| 27:28 | Create | Villager (Male) |
| 27:37 | Build | Farm |
| 27:41 | Build | Farm |
| 27:45 | Create | Villager (Male) |
| 27:46 | Create | Villager (Male) |
| 27:56 | Build | Farm |
| 28:21 | Build | Farm |
| 28:25 | Create | Huskarl |
| 28:25 | Create | Huskarl |
| 28:34 | Research | Forging |
| 28:34 | Research | Scale Mail Armor |
| 28:50 | Build | Farm |
| 28:53 | Create | Villager (Male) |
| 28:53 | Create | Villager (Male) |
| 29:07 | Create | Huskarl |
| 29:08 | Create | Huskarl |
| 29:09 | Create | Huskarl |
| 29:10 | Create | Huskarl |
| 29:10 | Create | Huskarl |
| 29:32 | Create | Villager (Male) |
| 29:33 | Create | Villager (Male) |
| 29:49 | Create | Huskarl |
| 29:55 | Research | Iron Casting |
| 29:59 | Age | Imperial Age |
| 30:10 | Create | Trebuchet (Packed) |
Build order — untouchable0627
First 150 of 237 actions detected
| 0:02 | Research | Loom |
| 0:03 | Create | Villager (Male) |
| 0:03 | Create | Villager (Male) |
| 0:04 | Create | Villager (Male) |
| 0:04 | Create | Villager (Male) |
| 0:05 | Create | Villager (Male) |
| 0:05 | Create | Villager (Male) |
| 0:07 | Build | House |
| 1:45 | Create | Villager (Male) |
| 1:54 | Build | House |
| 1:55 | Build | House |
| 1:56 | Build | House |
| 2:22 | Build | Palisade Wall |
| 2:31 | Create | Villager (Male) |
| 2:31 | Create | Villager (Male) |
| 2:56 | Create | Villager (Male) |
| 3:12 | Build | Mill |
| 4:04 | Create | Villager (Male) |
| 4:05 | Create | Villager (Male) |
| 4:05 | Create | Villager (Male) |
| 4:05 | Create | Villager (Male) |
| 5:15 | Create | Villager (Male) |
| 5:16 | Create | Villager (Male) |
| 6:03 | Create | Villager (Male) |
| 6:03 | Create | Villager (Male) |
| 6:03 | Create | Villager (Male) |
| 6:06 | Create | Villager (Male) |
| 6:17 | Build | Lumber Camp |
| 7:19 | Create | Villager (Male) ×2 |
| 7:52 | Create | Villager (Male) |
| 8:36 | Create | Villager (Male) |
| 8:55 | Build | Barracks |
| 9:08 | Build | Mill |
| 9:21 | Create | Villager (Male) ×2 |
| 9:28 | Build | Mining Camp |
| 9:39 | Create | Militia ×2 |
| 9:55 | Build | House |
| 9:59 | Build | House |
| 10:41 | Create | Villager (Male) |
| 10:41 | Create | Villager (Male) |
| 11:11 | Build | Farm |
| 11:11 | Build | Farm |
| 11:11 | Build | Farm |
| 11:12 | Build | Farm |
| 11:12 | Build | Farm |
| 12:15 | Research | Feudal Age |
| 12:20 | Create | Militia ×2 |
| 12:44 | Build | Palisade Gate |
| 12:50 | Build | Palisade Wall |
| 12:53 | Build | Palisade Wall |
| 12:58 | Create | Militia |
| 13:15 | Create | Militia |
| 13:29 | Build | House |
| 13:30 | Build | House |
| 13:32 | Build | House |
| 13:34 | Build | House |
| 13:35 | Build | House |
| 14:06 | Build | Farm |
| 14:06 | Build | Farm |
| 14:06 | Build | Farm |
| 14:23 | Build | Mining Camp |
| 14:35 | Create | Villager (Male) ×5 |
| 14:37 | Create | Villager (Male) ×5 |
| 15:04 | Build | Stone Wall |
| 15:08 | Build | Gate |
| 15:14 | Build | Stone Wall |
| 15:37 | Research | Arson |
| 15:38 | Research | Man-at-Arms (upgrade) |
| 15:45 | Research | Double-Bit Axe |
| 16:05 | Build | Market |
| 16:33 | Research | Stone Mining |
| 16:56 | Build | Lumber Camp |
| 17:19 | Build | Watch Tower |
| 17:53 | Build | Blacksmith |
| 18:01 | Research | Horse Collar |
| 18:04 | Research | Wheelbarrow |
| 18:29 | Build | Stable |
| 18:36 | Research | Gold Mining |
| 19:03 | Build | Mill |
| 19:35 | Build | Archery Range |
| 19:43 | Research | Town Watch |
| 20:16 | Create | Trade Cart |
| 20:16 | Create | Trade Cart |
| 20:37 | Build | Farm |
| 20:37 | Build | Farm |
| 20:38 | Build | Farm |
| 20:38 | Build | Farm |
| 20:38 | Build | Farm |
| 20:38 | Build | Farm |
| 20:39 | Build | Farm |
| 20:39 | Build | Farm |
| 20:39 | Build | Farm |
| 20:42 | Create | Villager (Male) |
| 20:42 | Create | Villager (Male) |
| 20:43 | Create | Villager (Male) |
| 20:44 | Create | Villager (Male) |
| 20:53 | Create | Archer |
| 20:53 | Create | Archer |
| 21:35 | Create | Villager (Male) |
| 21:35 | Create | Villager (Male) |
| 22:10 | Create | Villager (Male) |
| 22:10 | Create | Villager (Male) |
| 22:39 | Create | Archer |
| 22:40 | Create | Archer |
| 23:30 | Research | Castle Age |
| 23:55 | Research | Fletching |
| 24:01 | Create | Trade Cart ×3 |
| 24:11 | Build | Market |
| 24:25 | Build | Lumber Camp |
| 24:48 | Create | Archer |
| 25:06 | Research | Padded Archer Armor |
| 25:07 | Research | Forging |
| 25:40 | Build | Gate |
| 25:45 | Build | Stone Wall |
| 25:48 | Build | Stone Wall |
| 26:13 | Research | Crossbowman (upgrade) |
| 26:13 | Research | Thumb Ring |
| 26:28 | Build | House |
| 26:30 | Build | House |
| 26:31 | Build | House |
| 26:31 | Build | House |
| 26:32 | Build | House |
| 26:33 | Build | House |
| 26:35 | Build | House |
| 26:36 | Build | House |
| 26:37 | Build | House |
| 26:41 | Create | Villager (Male) |
| 26:41 | Create | Villager (Male) |
| 26:55 | Research | Caravan |
| 27:10 | Build | Town Center |
| 27:31 | Build | Castle |
| 27:41 | Research | Heavy Plow |
| 27:45 | Research | Bow Saw |
| 27:50 | Create | Villager (Male) ×2 |
| 27:58 | Build | University |
| 28:07 | Create | Trade Cart ×3 |
| 28:33 | Create | Villager (Male) ×4 |
| 28:33 | Create | Villager (Male) ×4 |
| 28:39 | Create | Villager (Male) |
| 28:53 | Create | Villager (Male) ×3 |
| 29:15 | Build | Farm |
| 29:15 | Build | Farm |
| 29:15 | Build | Farm |
| 29:15 | Build | Farm |
| 29:16 | Build | Farm |
| 29:16 | Build | Farm |
| 29:16 | Build | Farm |
| 29:40 | Build | Stable |
| 29:43 | Build | Stable |
| 29:46 | Create | Villager (Male) |
Build order — 寻薇
First 150 of 236 actions detected
| 0:04 | Build | House |
| 0:07 | Build | House |
| 0:08 | Create | Villager (Male) |
| 0:08 | Create | Villager (Male) |
| 0:08 | Create | Villager (Male) |
| 1:12 | Build | Lumber Camp |
| 1:43 | Create | Villager (Male) |
| 2:27 | Create | Villager (Male) |
| 3:00 | Build | Mill |
| 3:03 | Create | Villager (Male) |
| 3:39 | Create | Villager (Male) |
| 4:40 | Create | Villager (Male) |
| 4:42 | Create | Villager (Male) |
| 4:43 | Create | Villager (Male) |
| 5:09 | Build | House |
| 5:12 | Create | Villager (Male) |
| 5:41 | Create | Villager (Male) |
| 7:11 | Create | Villager (Male) |
| 7:34 | Create | Villager (Male) |
| 7:41 | Build | House |
| 8:33 | Create | Villager (Male) |
| 8:56 | Research | Feudal Age |
| 9:01 | Build | Farm |
| 11:08 | Age | Feudal Age |
| 11:14 | Create | Villager (Male) |
| 11:14 | Create | Villager (Male) |
| 11:15 | Create | Villager (Male) |
| 11:30 | Research | Double-Bit Axe |
| 11:48 | Build | Mining Camp |
| 11:55 | Create | Villager (Male) |
| 12:46 | Build | Mining Camp |
| 12:51 | Build | Farm |
| 12:53 | Build | Farm |
| 13:02 | Build | Farm |
| 13:41 | Create | Villager (Male) |
| 13:46 | Create | Villager (Male) |
| 13:55 | Build | House |
| 14:22 | Create | Villager (Male) |
| 14:53 | Build | House |
| 15:00 | Build | Farm |
| 15:28 | Build | Blacksmith |
| 15:35 | Create | Villager (Male) |
| 15:49 | Build | Farm |
| 16:03 | Create | Villager (Male) |
| 16:22 | Build | Market |
| 16:26 | Create | Villager (Male) |
| 16:32 | Create | Villager (Male) |
| 16:50 | Research | Horse Collar |
| 16:58 | Create | Villager (Male) |
| 17:34 | Build | Barracks |
| 17:41 | Research | Castle Age |
| 18:36 | Build | House |
| 18:38 | Build | House |
| 18:39 | Build | House |
| 18:57 | Create | Eagle Scout |
| 18:58 | Create | Eagle Scout |
| 18:58 | Create | Eagle Scout |
| 18:58 | Create | Eagle Scout |
| 20:09 | Research | Wheelbarrow |
| 20:23 | Age | Castle Age |
| 20:29 | Build | Castle |
| 20:50 | Research | Bow Saw |
| 20:53 | Research | Heavy Plow |
| 21:28 | Build | Town Center |
| 21:37 | Create | Villager (Male) |
| 21:38 | Create | Villager (Male) |
| 21:38 | Create | Villager (Male) |
| 21:54 | Create | Villager (Male) |
| 22:05 | Build | Farm |
| 22:07 | Create | Villager (Male) |
| 22:35 | Build | Farm |
| 22:37 | Create | Villager (Male) |
| 22:58 | Build | Farm |
| 22:59 | Create | Villager (Male) |
| 22:59 | Create | Villager (Male) |
| 23:21 | Build | Farm |
| 23:24 | Create | Villager (Male) |
| 23:42 | Create | Villager (Male) |
| 23:42 | Create | Villager (Male) |
| 23:43 | Create | Villager (Male) |
| 23:54 | Build | Farm |
| 23:55 | Create | Villager (Male) |
| 24:40 | Build | Archery Range |
| 24:51 | Build | Farm |
| 24:53 | Build | Farm |
| 24:59 | Create | Villager (Male) |
| 25:03 | Build | Farm |
| 25:04 | Create | Villager (Male) |
| 25:04 | Create | Villager (Male) |
| 25:08 | Create | Villager (Male) |
| 25:08 | Create | Villager (Male) |
| 25:09 | Create | Villager (Male) |
| 25:09 | Create | Villager (Male) |
| 25:29 | Build | Siege Workshop |
| 25:36 | Build | House |
| 25:37 | Build | House |
| 26:10 | Build | Farm |
| 26:13 | Build | Farm |
| 26:18 | Research | Hand Cart |
| 26:21 | Create | Villager (Male) |
| 26:21 | Create | Villager (Male) |
| 26:31 | Build | Farm |
| 26:34 | Create | Villager (Male) |
| 26:54 | Build | Farm |
| 26:56 | Create | Villager (Male) |
| 27:08 | Build | House |
| 27:11 | Build | House |
| 27:12 | Build | House |
| 27:16 | Build | House |
| 27:17 | Build | House |
| 27:18 | Build | House |
| 27:23 | Build | Farm |
| 27:26 | Create | Villager (Male) |
| 27:27 | Create | Villager (Male) |
| 27:56 | Build | Farm |
| 27:59 | Create | Villager (Male) |
| 28:10 | Build | Farm |
| 28:12 | Create | Villager (Male) |
| 28:18 | Create | Villager (Male) ×5 |
| 28:47 | Build | Farm |
| 29:02 | Build | Farm |
| 29:15 | Build | Castle |
| 29:23 | Create | Villager (Male) |
| 29:37 | Build | Farm |
| 29:45 | Research | Fletching |
| 29:45 | Research | Padded Archer Armor |
| 29:46 | Research | Forging |
| 29:47 | Research | Scale Mail Armor |
| 30:08 | Build | House |
| 30:20 | Create | Villager (Male) |
| 30:20 | Create | Villager (Male) |
| 30:29 | Create | Villager (Male) |
| 30:37 | Build | House |
| 30:50 | Build | Farm |
| 30:53 | Create | Villager (Male) |
| 31:24 | Build | Farm |
| 31:28 | Research | Imperial Age |
| 31:31 | Create | Villager (Male) |
| 31:31 | Create | Villager (Male) |
| 31:31 | Create | Villager (Male) |
| 31:43 | Build | Mining Camp |
| 31:59 | Build | Farm |
| 32:06 | Create | Villager (Male) |
| 32:16 | Build | Archery Range |
| 32:18 | Build | Archery Range |
| 32:23 | Research | Thumb Ring |
| 32:24 | Research | Elite Skirmisher (upgrade) |
| 32:38 | Research | Eagle Warrior (upgrade) |
| 32:45 | Create | Eagle Scout ×5 |
| 32:46 | Create | Eagle Scout ×5 |
Build order — doug. SKINS
First 150 of 387 actions detected
| 0:03 | Create | Villager (Male) |
| 0:03 | Create | Villager (Male) |
| 0:03 | Create | Villager (Male) |
| 0:04 | Create | Villager (Male) |
| 0:04 | Create | Villager (Male) |
| 0:04 | Create | Villager (Male) |
| 0:06 | Build | House |
| 0:07 | Build | House |
| 1:23 | Build | Lumber Camp |
| 1:31 | Create | Villager (Male) |
| 1:31 | Create | Villager (Male) |
| 1:44 | Research | Loom |
| 2:09 | Create | Villager (Male) |
| 2:09 | Create | Villager (Male) |
| 2:44 | Create | Villager (Male) |
| 2:45 | Create | Villager (Male) |
| 3:02 | Build | Palisade Wall |
| 3:05 | Build | Palisade Wall |
| 3:11 | Build | Palisade Wall |
| 3:15 | Build | Palisade Wall |
| 3:31 | Build | Palisade Wall |
| 3:54 | Create | Villager (Male) |
| 3:54 | Create | Villager (Male) |
| 3:55 | Create | Villager (Male) |
| 4:13 | Create | Villager (Male) |
| 4:14 | Create | Villager (Male) |
| 4:22 | Build | House |
| 4:31 | Create | Villager (Male) |
| 4:31 | Create | Villager (Male) |
| 4:47 | Build | House |
| 5:18 | Build | House |
| 5:19 | Build | House |
| 5:20 | Create | Villager (Male) |
| 5:20 | Create | Villager (Male) |
| 5:34 | Create | Villager (Male) |
| 5:34 | Create | Villager (Male) |
| 6:02 | Create | Villager (Male) |
| 6:41 | Create | Villager (Male) |
| 6:41 | Create | Villager (Male) |
| 7:13 | Create | Villager (Male) |
| 7:13 | Create | Villager (Male) |
| 7:44 | Create | Villager (Male) |
| 7:44 | Create | Villager (Male) |
| 7:45 | Create | Villager (Male) |
| 8:02 | Build | Mill |
| 9:12 | Create | Villager (Male) |
| 9:52 | Build | Mining Camp |
| 10:46 | Research | Feudal Age |
| 11:10 | Create | Villager (Male) |
| 12:32 | Build | Mining Camp |
| 12:34 | Create | Villager (Male) |
| 12:36 | Create | Villager (Male) |
| 12:56 | Age | Feudal Age |
| 12:59 | Build | Blacksmith |
| 13:09 | Build | Market |
| 13:12 | Create | Villager (Male) |
| 13:41 | Build | Farm |
| 13:41 | Build | Farm |
| 14:12 | Build | Farm |
| 14:30 | Create | Villager (Male) |
| 14:36 | Build | Farm |
| 14:36 | Build | Farm |
| 14:38 | Build | Farm |
| 15:10 | Build | Farm |
| 15:33 | Research | Castle Age |
| 15:50 | Build | Gate |
| 15:52 | Build | Stone Wall |
| 15:57 | Build | Stone Wall |
| 16:08 | Research | Double-Bit Axe |
| 17:53 | Research | Horse Collar |
| 18:01 | Build | Farm |
| 18:13 | Age | Castle Age |
| 18:25 | Build | Town Center |
| 18:28 | Create | Villager (Male) |
| 18:28 | Create | Villager (Male) |
| 18:29 | Create | Villager (Male) |
| 18:48 | Build | Town Center |
| 18:50 | Create | Villager (Male) |
| 19:10 | Build | Siege Workshop |
| 19:14 | Create | Villager (Male) |
| 19:38 | Create | Trade Cart |
| 20:09 | Build | Siege Workshop |
| 20:19 | Create | Villager (Male) |
| 20:19 | Create | Villager (Male) |
| 20:20 | Create | Villager (Male) |
| 20:40 | Create | Villager (Male) |
| 20:40 | Create | Villager (Male) |
| 20:41 | Create | Villager (Male) |
| 21:25 | Build | House |
| 21:27 | Build | House |
| 21:27 | Build | House |
| 21:28 | Build | House |
| 21:30 | Build | House |
| 21:32 | Build | House |
| 21:37 | Create | Villager (Male) |
| 21:37 | Create | Villager (Male) |
| 21:37 | Create | Villager (Male) |
| 21:38 | Create | Villager (Male) |
| 21:38 | Create | Villager (Male) |
| 21:41 | Build | Farm |
| 21:46 | Create | Villager (Male) |
| 21:46 | Create | Villager (Male) |
| 21:56 | Create | Villager (Male) |
| 21:56 | Create | Villager (Male) |
| 22:07 | Build | Monastery |
| 22:10 | Build | Farm |
| 22:16 | Create | Villager (Male) |
| 22:17 | Create | Villager (Male) |
| 22:30 | Build | House |
| 22:36 | Build | House |
| 22:39 | Build | Farm |
| 22:41 | Create | Villager (Male) |
| 22:41 | Create | Villager (Male) |
| 22:42 | Create | Villager (Male) |
| 22:51 | Build | Farm |
| 22:51 | Build | Farm |
| 23:03 | Build | University |
| 23:07 | Build | Farm |
| 23:08 | Create | Villager (Male) |
| 23:08 | Create | Villager (Male) |
| 23:09 | Create | Villager (Male) |
| 23:18 | Build | Farm |
| 23:18 | Build | Farm |
| 23:18 | Build | Farm |
| 23:36 | Build | Dock |
| 23:38 | Create | Villager (Male) |
| 23:39 | Create | Villager (Male) |
| 23:39 | Create | Villager (Male) |
| 23:48 | Build | Farm |
| 23:49 | Create | Villager (Male) |
| 23:50 | Create | Villager (Male) |
| 23:58 | Build | House |
| 24:01 | Build | House |
| 24:02 | Build | House |
| 24:08 | Create | Villager (Male) |
| 24:08 | Create | Villager (Male) |
| 24:09 | Create | Villager (Male) |
| 24:17 | Build | Farm |
| 24:22 | Create | Villager (Male) |
| 24:23 | Create | Villager (Male) |
| 24:57 | Build | Castle |
| 25:00 | Create | Demolition Raft |
| 25:03 | Build | Farm |
| 25:12 | Build | Farm |
| 25:13 | Create | Villager (Male) |
| 25:14 | Create | Villager (Male) |
| 25:14 | Create | Villager (Male) |
| 25:14 | Create | Villager (Male) |
| 25:15 | Create | Villager (Male) |
| 25:22 | Create | Fishing Ship |
Build order — Woollala
First 150 of 319 actions detected
| 0:04 | Create | Villager (Male) |
| 0:06 | Research | Loom |
| 0:06 | Create | Villager (Male) |
| 0:06 | Create | Villager (Male) |
| 0:07 | Create | Villager (Male) |
| 0:13 | Build | House |
| 0:15 | Build | House |
| 0:16 | Build | House |
| 1:25 | Build | Palisade Wall |
| 1:27 | Build | Palisade Wall |
| 2:31 | Create | Villager (Male) |
| 2:31 | Create | Villager (Male) |
| 3:14 | Create | Villager (Male) |
| 3:15 | Create | Villager (Male) |
| 3:42 | Create | Villager (Male) |
| 3:42 | Create | Villager (Male) |
| 4:18 | Create | Villager (Male) |
| 4:56 | Create | Villager (Male) |
| 4:56 | Create | Villager (Male) |
| 5:08 | Create | Villager (Male) |
| 5:22 | Build | Lumber Camp |
| 5:37 | Create | Villager (Male) |
| 5:58 | Create | Villager (Male) |
| 6:16 | Build | Mill |
| 6:39 | Create | Villager (Male) |
| 6:40 | Create | Villager (Male) |
| 6:40 | Create | Villager (Male) |
| 7:57 | Create | Villager (Male) |
| 7:58 | Create | Villager (Male) |
| 8:41 | Create | Villager (Male) |
| 8:43 | Create | Villager (Male) |
| 8:46 | Create | Villager (Male) |
| 8:47 | Create | Villager (Male) |
| 8:55 | Create | Villager (Male) |
| 9:21 | Build | House |
| 9:27 | Create | Villager (Male) |
| 9:27 | Create | Villager (Male) |
| 9:44 | Create | Villager (Male) |
| 11:13 | Build | Palisade Wall |
| 11:21 | Build | Palisade Wall |
| 11:25 | Build | Palisade Wall |
| 11:31 | Create | Villager (Male) |
| 11:31 | Create | Villager (Male) |
| 12:04 | Build | Mill |
| 12:19 | Build | Palisade Wall |
| 12:45 | Research | Feudal Age |
| 13:32 | Build | House |
| 13:33 | Build | House |
| 13:39 | Build | House |
| 13:42 | Build | House |
| 14:12 | Build | House |
| 14:32 | Build | House |
| 14:34 | Build | House |
| 14:55 | Age | Feudal Age |
| 14:58 | Research | Wheelbarrow |
| 15:00 | Research | Double-Bit Axe |
| 15:02 | Research | Horse Collar |
| 15:02 | Research | Horse Collar |
| 15:10 | Create | Villager (Male) |
| 15:10 | Create | Villager (Male) |
| 15:41 | Create | Villager (Male) |
| 15:42 | Create | Villager (Male) |
| 16:19 | Build | Farm |
| 16:20 | Build | Farm |
| 16:23 | Build | Farm |
| 16:25 | Build | Farm |
| 16:37 | Build | Stone Wall |
| 16:42 | Build | Stone Wall |
| 16:43 | Create | Villager (Male) |
| 16:46 | Build | Farm |
| 16:47 | Create | Villager (Male) |
| 16:49 | Build | Farm |
| 16:55 | Build | Farm |
| 17:27 | Build | Watch Tower |
| 17:29 | Create | Villager (Male) |
| 17:42 | Build | Barracks |
| 17:42 | Create | Villager (Male) |
| 17:57 | Create | Villager (Male) |
| 18:09 | Build | Mining Camp |
| 18:15 | Build | Mining Camp |
| 18:15 | Create | Villager (Male) |
| 18:27 | Create | Villager (Male) |
| 18:32 | Build | Farm |
| 18:48 | Create | Villager (Male) |
| 19:00 | Create | Villager (Male) |
| 19:18 | Create | Villager (Male) |
| 19:21 | Build | Farm |
| 19:22 | Create | Villager (Male) |
| 19:30 | Build | Stable |
| 19:34 | Create | Villager (Male) |
| 19:52 | Build | Market |
| 20:01 | Build | Market |
| 20:10 | Create | Villager (Male) |
| 20:13 | Build | Farm |
| 20:13 | Create | Villager (Male) |
| 20:14 | Create | Villager (Male) |
| 20:37 | Build | Mining Camp |
| 20:38 | Create | Villager (Male) |
| 20:42 | Build | Farm |
| 20:43 | Create | Villager (Male) |
| 20:52 | Build | Blacksmith |
| 20:52 | Create | Villager (Male) |
| 21:08 | Build | Farm |
| 21:09 | Create | Villager (Male) |
| 21:16 | Create | Villager (Male) |
| 21:25 | Build | Stone Wall |
| 21:33 | Build | Stone Wall |
| 21:36 | Build | Stone Wall |
| 21:46 | Create | Villager (Male) |
| 21:47 | Create | Villager (Male) |
| 21:53 | Create | Villager (Male) |
| 22:14 | Build | Farm |
| 22:21 | Research | Castle Age |
| 22:29 | Build | House |
| 22:31 | Build | House |
| 22:37 | Build | Gate |
| 22:49 | Research | Stone Mining |
| 23:19 | Research | Gold Mining |
| 24:01 | Build | Mining Camp |
| 24:24 | Build | House |
| 24:29 | Build | House |
| 25:01 | Age | Castle Age |
| 25:04 | Research | Hand Cart |
| 25:06 | Research | Bow Saw |
| 25:06 | Research | Bow Saw |
| 25:09 | Research | Heavy Plow |
| 25:09 | Research | Heavy Plow |
| 25:22 | Create | Villager (Male) |
| 25:22 | Create | Villager (Male) |
| 25:27 | Create | Villager (Male) |
| 26:11 | Create | Villager (Male) |
| 26:18 | Create | Villager (Male) |
| 26:19 | Create | Villager (Male) |
| 26:44 | Create | Villager (Male) |
| 26:51 | Create | Villager (Male) |
| 27:18 | Build | Town Center |
| 27:19 | Create | Villager (Male) |
| 27:20 | Create | Villager (Male) |
| 27:26 | Create | Villager (Male) |
| 27:30 | Create | Villager (Male) |
| 27:40 | Create | Villager (Male) |
| 27:45 | Create | Villager (Male) |
| 27:56 | Build | Town Center |
| 27:57 | Create | Villager (Male) |
| 27:59 | Create | Villager (Male) |
| 28:20 | Build | Town Center |
| 28:22 | Create | Villager (Male) |
| 28:23 | Create | Villager (Male) |
| 28:27 | Create | Villager (Male) |
| 28:51 | Create | Villager (Male) |
Build order — 乾州街道张主任
First 150 of 310 actions detected
| 0:03 | Research | Loom |
| 0:03 | Create | Villager (Male) |
| 0:04 | Create | Villager (Male) |
| 0:04 | Create | Villager (Male) |
| 0:04 | Create | Villager (Male) |
| 0:04 | Create | Villager (Male) |
| 0:05 | Create | Villager (Male) |
| 0:15 | Build | House |
| 0:16 | Build | House |
| 0:18 | Build | House |
| 0:19 | Build | House |
| 1:46 | Create | Villager (Male) |
| 1:46 | Create | Villager (Male) |
| 1:46 | Create | Villager (Male) |
| 2:27 | Create | Villager (Male) |
| 2:27 | Create | Villager (Male) |
| 3:33 | Create | Villager (Male) |
| 3:35 | Create | Villager (Male) |
| 3:35 | Create | Villager (Male) |
| 4:06 | Create | Villager (Male) |
| 4:06 | Create | Villager (Male) |
| 4:06 | Create | Villager (Male) |
| 4:29 | Build | Mill |
| 4:32 | Create | Villager (Male) |
| 4:32 | Create | Villager (Male) |
| 4:52 | Build | Palisade Wall |
| 5:18 | Create | Villager (Male) |
| 5:54 | Build | Palisade Wall |
| 6:17 | Create | Villager (Male) |
| 7:09 | Create | Villager (Male) |
| 7:09 | Create | Villager (Male) |
| 7:09 | Create | Villager (Male) |
| 8:02 | Create | Villager (Male) |
| 8:03 | Create | Villager (Male) |
| 8:43 | Create | Villager (Male) |
| 8:43 | Create | Villager (Male) |
| 9:25 | Create | Villager (Male) |
| 9:54 | Build | Lumber Camp |
| 10:28 | Research | Feudal Age |
| 10:41 | Build | Palisade Wall |
| 11:37 | Build | House |
| 11:38 | Build | House |
| 11:39 | Build | House |
| 11:40 | Build | House |
| 12:31 | Age | Feudal Age |
| 12:41 | Build | Stone Wall |
| 12:54 | Research | Wheelbarrow |
| 12:59 | Research | Double-Bit Axe |
| 13:01 | Research | Horse Collar |
| 13:24 | Build | Barracks |
| 13:42 | Build | Farm |
| 13:44 | Build | Farm |
| 13:58 | Create | Villager (Male) |
| 13:58 | Create | Villager (Male) |
| 13:58 | Create | Villager (Male) |
| 14:04 | Create | Villager (Male) |
| 14:04 | Create | Villager (Male) |
| 14:04 | Create | Villager (Male) |
| 14:05 | Create | Villager (Male) |
| 14:05 | Create | Villager (Male) |
| 14:05 | Create | Villager (Male) ×5 |
| 14:05 | Create | Villager (Male) ×5 |
| 14:05 | Create | Villager (Male) ×5 |
| 14:12 | Build | Farm |
| 14:29 | Build | Watch Tower |
| 14:43 | Build | Farm |
| 14:53 | Build | Farm |
| 14:57 | Build | Farm |
| 15:14 | Build | Farm |
| 15:24 | Build | Farm |
| 15:40 | Create | Villager (Male) |
| 15:59 | Build | Mining Camp |
| 16:06 | Build | Farm |
| 16:09 | Build | Farm |
| 16:21 | Create | Villager (Male) |
| 16:41 | Build | Farm |
| 16:47 | Create | Villager (Male) |
| 16:57 | Build | Blacksmith |
| 17:03 | Build | Stable |
| 17:06 | Create | Villager (Male) |
| 17:18 | Research | Gold Mining |
| 17:42 | Build | Farm |
| 18:21 | Build | Farm |
| 18:33 | Create | Villager (Male) |
| 18:51 | Build | House |
| 18:52 | Build | House |
| 18:54 | Build | House |
| 18:58 | Create | Villager (Male) |
| 18:58 | Create | Villager (Male) |
| 19:32 | Research | Castle Age |
| 19:49 | Build | Mining Camp |
| 20:22 | Research | Stone Mining |
| 22:09 | Age | Castle Age |
| 22:10 | Research | Hand Cart |
| 22:10 | Research | Hand Cart |
| 22:10 | Research | Hand Cart |
| 22:13 | Research | Bow Saw |
| 22:17 | Research | Gold Shaft Mining |
| 22:24 | Research | Heavy Plow |
| 22:32 | Build | Town Center |
| 22:48 | Create | Villager (Male) |
| 22:49 | Create | Villager (Male) |
| 23:04 | Create | Villager (Male) |
| 23:05 | Create | Villager (Male) |
| 23:05 | Create | Villager (Male) |
| 23:33 | Research | Stone Shaft Mining |
| 23:33 | Research | Stone Shaft Mining |
| 23:42 | Build | Town Center |
| 23:49 | Create | Villager (Male) ×2 |
| 23:49 | Create | Villager (Male) ×2 |
| 24:12 | Create | Villager (Male) |
| 24:12 | Create | Villager (Male) |
| 24:12 | Create | Villager (Male) |
| 24:18 | Build | Farm |
| 24:44 | Build | Farm |
| 24:53 | Create | Villager (Male) ×3 |
| 24:53 | Create | Villager (Male) ×3 |
| 25:20 | Build | Stone Wall |
| 25:27 | Build | Farm |
| 25:32 | Build | Farm |
| 25:36 | Create | Villager (Male) ×5 |
| 25:36 | Create | Villager (Male) ×5 |
| 25:36 | Create | Villager (Male) ×5 |
| 25:37 | Create | Villager (Male) |
| 26:31 | Build | Farm |
| 26:34 | Create | Villager (Male) ×5 |
| 26:35 | Create | Villager (Male) ×5 |
| 26:35 | Create | Villager (Male) ×5 |
| 26:35 | Create | Villager (Male) |
| 26:42 | Build | Farm |
| 26:43 | Build | Farm |
| 26:48 | Build | Farm |
| 26:52 | Create | Villager (Male) ×4 |
| 26:52 | Create | Villager (Male) ×4 |
| 26:53 | Create | Villager (Male) |
| 27:04 | Build | Mining Camp |
| 27:11 | Build | Farm |
| 27:20 | Create | Villager (Male) ×2 |
| 27:20 | Create | Villager (Male) ×2 |
| 27:20 | Create | Villager (Male) ×2 |
| 27:27 | Build | Monastery |
| 27:31 | Build | University |
| 27:56 | Build | Castle |
| 28:09 | Create | Villager (Male) ×5 |
| 28:09 | Create | Villager (Male) ×5 |
| 28:09 | Create | Villager (Male) ×5 |
| 28:15 | Build | House |
| 28:15 | Build | House |
| 28:15 | Build | House |
| 28:16 | Build | House |
Match timeline
| 1:25 | Woollala · wall_segment Palisade Wall x8 |
| 1:27 | Woollala · wall_segment Palisade Wall x8 |
| 2:16 | Schutz · wall_segment Palisade Wall x5 |
| 2:22 | untouchable0627 · wall_segment Palisade Wall x9 |
| 3:02 | doug. SKINS · wall_segment Palisade Wall x1 |
| 3:05 | doug. SKINS · wall_segment Palisade Wall x1 |
| 3:06 | 鸡儿哥爆顶胡敢敢 · wall_segment Palisade Wall x12 |
| 3:11 | doug. SKINS · wall_segment Palisade Wall x1 |
| 3:15 | doug. SKINS · wall_segment Palisade Wall x7 |
| 3:31 | doug. SKINS · wall_segment Palisade Wall x9 |
| 3:37 | Schutz · wall_segment Palisade Wall x9 |
| 4:52 | 乾州街道张主任 · wall_segment Palisade Wall x11 |
| 5:21 | 鸡儿哥爆顶胡敢敢 · wall_segment Palisade Wall x7 |
| 5:54 | 乾州街道张主任 · wall_segment Palisade Wall x10 |
| 8:55 | untouchable0627 · first_building Barracks |
| 9:09 | 泊二世 · wall_segment Palisade Wall x9 |
| 10:41 | 乾州街道张主任 · wall_segment Palisade Wall x10 |
| 11:08 | 寻薇 · age_up feudal |
| 11:13 | Woollala · wall_segment Palisade Wall x6 |
| 11:21 | Woollala · wall_segment Palisade Wall x4 |
| 11:25 | Woollala · wall_segment Palisade Wall x4 |
| 11:41 | Schutz · age_up feudal |
| 12:19 | Woollala · wall_segment Palisade Wall x1 |
| 12:31 | 乾州街道张主任 · age_up feudal |
| 12:41 | 乾州街道张主任 · wall_segment Stone Wall x10 |
| 12:50 | untouchable0627 · wall_segment Palisade Wall x4 |
| 12:53 | untouchable0627 · wall_segment Palisade Wall x3 |
| 12:56 | doug. SKINS · age_up feudal |
| 12:56 | 泊二世 · age_up feudal |
| 13:24 | 乾州街道张主任 · first_building Barracks |
| 13:49 | 鸡儿哥爆顶胡敢敢 · age_up feudal |
| 14:12 | 鸡儿哥爆顶胡敢敢 · first_building Barracks |
| 14:33 | Schutz · first_market_sell 100 food |
| 14:55 | Woollala · age_up feudal |
| 15:00 | 鸡儿哥爆顶胡敢敢 · first_building Stable |
| 15:04 | untouchable0627 · wall_segment Stone Wall x3 |
| 15:14 | untouchable0627 · wall_segment Stone Wall x2 |
| 15:52 | doug. SKINS · wall_segment Stone Wall x3 |
| 15:57 | doug. SKINS · wall_segment Stone Wall x6 |
| 16:06 | 泊二世 · first_building Barracks |
| 16:37 | Woollala · wall_segment Stone Wall x3 |
| 16:42 | Woollala · wall_segment Stone Wall x1 |
| 17:03 | 乾州街道张主任 · first_building Stable |
| 17:06 | 泊二世 · first_building Stable |
| 17:14 | Schutz · age_up castle |
| 17:34 | 寻薇 · first_building Barracks |
| 17:38 | Schutz · first_building Monastery |
| 17:42 | Woollala · first_building Barracks |
| 17:48 | Schutz · first_market_buy 100 food |
| 18:13 | doug. SKINS · age_up castle |
| 18:29 | untouchable0627 · first_building Stable |
| 19:05 | untouchable0627 · first_market_buy 100 food |
| 19:10 | doug. SKINS · first_building Siege Workshop |
| 19:30 | Woollala · first_building Stable |
| 19:35 | untouchable0627 · first_building Archery Range |
| 20:23 | 寻薇 · age_up castle |
| 20:29 | 寻薇 · first_building Castle |
| 20:52 | 泊二世 · age_up castle |
| 21:25 | Woollala · wall_segment Stone Wall x10 |
| 21:30 | untouchable0627 · first_market_sell 100 wood |
| 21:33 | Woollala · wall_segment Stone Wall x2 |
| 21:36 | Woollala · wall_segment Stone Wall x9 |
| 22:07 | doug. SKINS · first_building Monastery |
| 22:09 | 乾州街道张主任 · age_up castle |
| 23:35 | 鸡儿哥爆顶胡敢敢 · age_up castle |
| 23:36 | doug. SKINS · first_building Dock |
| 24:35 | 泊二世 · first_building Castle |
| 24:40 | 寻薇 · first_building Archery Range |
| 24:57 | doug. SKINS · first_building Castle |
| 25:01 | Woollala · age_up castle |
| 25:20 | 乾州街道张主任 · wall_segment Stone Wall x18 |
| 25:29 | 寻薇 · first_building Siege Workshop |
| 25:45 | untouchable0627 · wall_segment Stone Wall x5 |
| 25:48 | untouchable0627 · wall_segment Stone Wall x7 |
| 27:15 | Schutz · first_building Castle |
| 27:22 | doug. SKINS · wall_segment Stone Wall x1 |
| 27:27 | 乾州街道张主任 · first_building Monastery |
| 27:31 | untouchable0627 · first_building Castle |
| 27:33 | doug. SKINS · first_market_buy 100 food |
| 27:36 | 鸡儿哥爆顶胡敢敢 · first_building Castle |
| 27:39 | doug. SKINS · first_market_sell 100 wood |
| 27:56 | 乾州街道张主任 · first_building Castle |
| 29:37 | Woollala · first_building Castle |
| 29:59 | 泊二世 · age_up imperial |
| 30:14 | untouchable0627 · first_building Siege Workshop |
| 30:46 | Schutz · first_building Barracks |
| 30:52 | doug. SKINS · wall_segment Stone Wall x3 |
| 30:52 | doug. SKINS · age_up imperial |
| 32:37 | Schutz · first_building Stable |
| 33:28 | 乾州街道张主任 · age_up imperial |
| 33:45 | Woollala · first_building Monastery |
| 33:49 | 鸡儿哥爆顶胡敢敢 · age_up imperial |
| 34:45 | 寻薇 · age_up imperial |
| 34:51 | 乾州街道张主任 · first_building Archery Range |
| 35:46 | Woollala · wall_segment Palisade Wall x1 |
| 35:47 | Woollala · wall_segment Palisade Wall x1 |
| 35:49 | Woollala · wall_segment Palisade Wall x1 |
| 35:50 | Woollala · wall_segment Palisade Wall x1 |
| 35:53 | 乾州街道张主任 · wall_segment Stone Wall x20 |
| 36:34 | Schutz · wall_segment Stone Wall x3 |
| 37:33 | Schutz · wall_segment Stone Wall x1 |
| 37:35 | Schutz · wall_segment Stone Wall x1 |
| 38:19 | Woollala · age_up imperial |
| 39:04 | Schutz · wall_segment Stone Wall x1 |
| 40:00 | Schutz · age_up imperial |
| 42:54 | doug. SKINS · wall_segment Stone Wall x5 |
| 44:27 | Woollala · resign |
| 46:40 | Schutz · wall_segment Stone Wall x1 |
| 47:18 | Schutz · wall_segment Stone Wall x1 |
| 47:32 | Schutz · wall_segment Stone Wall x1 |
[ AI ANALYSIS · 1 CREDIT ]
What really happened in this match?
Wolo.gg analyzes every decision: build order, eco, micro, common mistakes by bracket. Personalized analysis on WhatsApp or Discord in 30 seconds.
Civ guide
Huns
Perfil
Jugador #16217366